 Dungeon Crawl Stone Soup version 0.21-a0-221-gfe971b9 (webtiles) character file.

379 Moloch the Conjurer (level 6, 0/36 HPs)
             Began as an Octopode Wizard on Aug 27, 2017.
             Killed from afar by an orc wizard (5 damage)
             ... with a magic dart
             ... on level 4 of the Dungeon.
             The game lasted 00:09:12 (3471 turns).

Moloch the Conjurer (Octopode Wizard)               Turns: 3471, Time: 00:09:13

Health: 0/36       AC:  1    Str:  6    XL:     6   Next: 74%
Magic:  2/12       EV: 13    Int: 23    God:
Gold:   78         SH:  0    Dex: 10    Spells: 2/13 levels left

rFire    + . .     SeeInvis .   (no weapon)
rCold    + + .     Gourm    .   (no shield)
rNeg     . . .     Faith    .   a - +0 hat
rPois    +         Spirit   .   (no amulet)
rElec    +         Reflect  .   p - ring of protection from cold
rCorr    +         Harm     .   (no ring)
MR       .....                  (no ring)
Stlth    +++.......             (no ring)
HPRegen  0.12/turn              (no ring)
MPRegen  0.13/turn              (no ring)
                                (no ring)
                                (no ring)

@: resistant, very slightly contaminated, hasted, very quick
A: almost no armour, stealthy swim, amphibious, 8 rings, constrict 8, camouflage
1, gelatinous body 1
a: no special abilities


You were on level 4 of the Dungeon.
You were hungry.

You visited 1 branch of the dungeon, and saw 4 of its levels.

You collected 78 gold pieces.

Inventory:

Hand Weapons
 l - a +0 hunting sling
Missiles
 k - 11 sling bullets
 n - 4 javelins (quivered)
Armour
 a - a +0 hat (worn)
Jewellery
 p - a ring of protection from cold (left tentacle)
 q - an uncursed ring of fire {unknown}
Scrolls
 e - 4 scrolls of identify {unknown}
 f - 2 scrolls of remove curse {unknown}
 g - a scroll of teleportation {unknown}
 i - a scroll of amnesia {unknown}
 o - 2 scrolls of fog {unknown}
 r - a scroll of enchant weapon {unknown}
 s - a scroll of recharging {unknown}
 u - a scroll of immolation {unknown}
 w - a scroll of blinking {unknown}
 x - a scroll of fear {unknown}
Potions
 h - a potion of heal wounds {unknown}
Books
 b - a book of Minor Magic

   Spells                             Type                      Level
   a - Magic Dart                     Conjuration                  1
   b - Blink                          Translocation                2
   c - Call Imp                       Summoning                    2
   d - Slow                           Hexes                        2
   e - Conjure Flame                  Conjuration/Fire             3
   f - Mephitic Cloud                 Conjuration/Poison/Air       3
 v - a book of Cantrips

   Spells                             Type                      Level
   a - Confusing Touch                Hexes                        1
   b - Animate Skeleton               Necromancy                   1
   c - Summon Small Mammal            Summoning                    1
   d - Apportation                    Translocation                1
Comestibles
 c - 5 bread rations
 d - a royal jelly
 j - 3 meat rations
 m - 7 fruits


   Skills:
 - Level 2.0 Dodging
 - Level 2.6 Stealth
 + Level 4.1 Spellcasting
 + Level 5.9 Conjurations
 - Level 1.0 Summonings
 - Level 1.0 Translocations


You had 2 spell levels left.
You knew the following spells:

 Your Spells              Type           Power        Failure   Level  Hunger
a - Magic Dart            Conj           ####         1%          1    None
b - Blink                 Tloc           N/A          11%         2    #......
c - Call Imp              Summ           #.......     11%         2    #......
d - Mephitic Cloud        Conj/Pois/Air  ##......     14%         3    ##.....
e - Conjure Flame         Conj/Fire      ###.....     9%          3    ##.....


Dungeon Overview and Level Annotations

Branches:
Dungeon (4/15)
 Temple: D:4-7

Altars:
Trog


Innate Abilities, Weirdness & Mutations

You cannot wear most types of armour.
You are very stealthy in the water. (Stealth+)
You are amphibious.
You can wear up to eight rings at the same time.
You can use your tentacles to constrict eight enemies at once.
Your skin changes colour to match your surroundings (Stealth+).
Your rubbery body absorbs attacks. (AC +1, EV +1)


Message History

Okay, then.
You aren't carrying any items that you can evoke.
Wield which item (- for none, * to show all)? (? for menu, Esc to quit)
Okay, then.
Okay, then.
It was a potion of resistance.
You feel protected.
It was a potion of haste.
You feel yourself speed up. The orc wizard completely misses you.
You tentacle-slap the orc wizard but do no damage.
You grab the orc wizard.
The orc wizard is heavily wounded.
You constrict the orc wizard, but do no damage.
The orc wizard closely misses you.
You tentacle-slap the orc wizard but do no damage.
The orc wizard is heavily wounded.
You constrict the orc wizard, but do no damage.
The orc wizard points at you and mumbles some strange words.
The magic dart hits you!
You die...

.....###.. .... ##.###
..##........).. ..##
##.##### .#..........#
#......# ...........#
#......######..........##.
..........................
#......######..........#..
#......)).###.............
#......##).)..oo@.........
#......#####..............
.......# #####..........
......## #####......
......# ..... ......# ....
####### ... .) .


You could see 2 orc wizards.

Vanquished Creatures
  A hound (D:4)
  An orc priest (D:4)
  4 orc wizards (D:4)
  A worker ant (D:4)
  A gnoll (D:2)
  5 adders
  3 oozes
  3 worms
  4 dart slugs
  4 leopard geckos
  11 orcs
  2 giant cockroaches
  8 goblins
  10 hobgoblins
  6 jackals
  A ball python (D:2)
  8 bats
  2 frilled lizards
  4 kobolds
  12 rats
91 creatures vanquished.

Notes
Turn   | Place    | Note
-------+----------+-------------------------------------------
     0 | D:1      | Moloch the Octopode Wizard began the quest for the Orb.
     0 | D:1      | Reached XP level 1. HP: 11/11 MP: 4/4
   208 | D:1      | Reached skill level 2 in Conjurations
   208 | D:1      | Reached XP level 2. HP: 15/17 MP: 1/6
   218 | D:1      | Learned a level 2 spell: Blink
   221 | D:1      | Learned a level 2 spell: Call Imp
   623 | D:1      | Reached XP level 3. HP: 13/21 MP: 1/7
   786 | D:1      | Reached skill level 3 in Conjurations
  1165 | D:2      | Reached XP level 4. HP: 27/27 MP: 4/8
  1383 | D:2      | Reached skill level 4 in Conjurations
  1763 | D:3      | Learned a level 3 spell: Mephitic Cloud
  2049 | D:3      | Reached XP level 5. HP: 31/31 MP: 6/9
  2516 | D:3      | Found a bloodstained altar of Trog.
  2831 | D:4      | Reached skill level 5 in Conjurations
  2934 | D:4      | Reached XP level 6. HP: 32/36 MP: 4/11
  3420 | D:4      | Learned a level 3 spell: Conjure Flame
  3471 | D:4      | Killed from afar by an orc wizard

Vault maps used:
D:1:      ncdulo_wetmaze, minmay_tetromino_i4
D:3:      lemuel_coloured_pillars_altar, kennysheep_cross_room
D:4:      minmay_wonky_spiral, first_bread, minmay_crystal_room

Skill      XL: |  1  2  3  4  5  6 |
---------------+-------------------+-----
Conjurations   | 2 3 4 5 |  5.9
Spellcasting   | 4 |  4.1
Dodging        | |  2.0
Stealth        | |  2.6
Summonings     | |  1.0
Translocations | |  1.0

Action                   |  1- 3 |  4- 6 || total
-------------------------+-------+-------++-------
Melee: Unarmed           |    17 |    35 ||    52
       Tentacles         |     4 |     7 ||    11
       Constrict         |     4 |     7 ||    11
 Cast: Magic Dart        |    80 |   160 ||   240
       Blink             |       |     1 ||     1
  Use: Potion            |       |     2 ||     2
  Eat: Chunk             |     1 |     6 ||     7
Armor: Skin              |     2 |     6 ||     8
Dodge: Dodged            |    24 |    25 ||    49

Table legend:
 A = Spawn XP
 B = Non-spawn XP
 C = Spawn XP percentage of total XP
 D = Spawn monster count
 E = Non-spawn monster count
 F = Spawn count percentage of total count
 G = Total turns spent on level
                    A         B        C        D         E        F      G
               +---------+---------+-------+---------+---------+-------+---------
         Total |     105 |     437 |  19.4 |      15 |      76 |  16.5 |  3471
               +---------+---------+-------+---------+---------+-------+---------
           D:1 |       5 |      55 |   8.3 |       4 |      25 |  13.8 |  1044
           D:2 |      19 |      57 |  25.0 |       5 |      17 |  22.7 |   687
           D:3 |       4 |      75 |   5.1 |       2 |      21 |   8.7 |  1067
           D:4 |      77 |     250 |  23.5 |       4 |      13 |  23.5 |   673
               +---------+---------+-------+---------+---------+-------+---------
